[Event "56th Biel Festival MTO 2023"]
[White "Chasin,Nico"]
[Black "Samadov,Read"]
[Site "Biel"]
[Round "6.9"]
[Annotator "ChessBase"]
[Result "1/2-1/2"]
[Date "2023.07.24"]
[WhiteElo "2455"]
[BlackElo "2482"]
[PlyCount "66"]
[TimeControl "60"]

1. d4 Nf6 2. c4 g6 3. Nc3 Bg7 4. e4 d6 5. Be2 O-O 6. Be3 Nc6 7. d5 Ne5 8. f4 Neg4 9. Bd2 Nh6 10. h3 e6 11. dxe6 fxe6 12. g4 b5 13. cxb5 Bb7 14. Qc2 d5 15. O-O-O dxe4 16. Bc4 Nd5 17. Nge2 a6 18. Nxd5 exd5 19. Bb4 axb5 20. Bxf8 Bxf8 21. Bb3 Kh8 22. Rhe1 b4 23. Ng3 c5 24. Nxe4 c4 25. Bxc4 Rc8 26. Kb1 Qb6 27. b3 dxc4 28. Rd7 Bxe4 29. Qxe4 c3 30. Qe5+ Kg8 31. Qd5+ Kh8 32. Qe5+ Kg8 33. Qd5+ Kh8 1/2-1/2

[Event "56th Biel Festival MTO 2023"]
[White "Huang,Renjie"]
[Black "Rathanvel,V S"]
[Site "Biel"]
[Round "6.10"]
[Annotator "ChessBase"]
[Result "1/2-1/2"]
[Date "2023.07.24"]
[WhiteElo "2445"]
[BlackElo "2463"]
[PlyCount "70"]
[TimeControl "60"]

1. e4 c5 2. Nf3 d6 3. d4 cxd4 4. Nxd4 Nf6 5. Nc3 a6 6. Bd3 e5 7. Nde2 Be7 8. O-O O-O 9. Ng3 Be6 10. Nd5 Bxd5 11. exd5 g6 12. c4 Nbd7 13. Kh1 Ne8 14. Bh6 Ng7 15. f4 exf4 16. Bxf4 f5 17. Ne2 a5 18. Nd4 Bf6 19. Ne6 Nxe6 20. dxe6 Nc5 21. Bc2 Be5 22. Qd5 Qe7 23. Bxe5 dxe5 24. Qxe5 Ra6 25. Qc3 Qxe6 26. Rae1 Qf6 27. Qe3 Qxb2 28. Bxf5 Raf6 29. Qxc5 Rxf5 30. Rxf5 Rxf5 31. Qc8+ Kg7 32. h3 Rf7 33. Qc5 b6 34. Qd6 Qf6 35. Qd5 Re7 1/2-1/2

[Event "56th Biel Festival MTO 2023"]
[White "Saraci,Nderim"]
[Black "Harikrishnan.A.Ra"]
[Site "Biel"]
[Round "6.11"]
[Annotator "ChessBase"]
[Result "1-0"]
[Date "2023.07.24"]
[WhiteElo "2472"]
[BlackElo "2406"]
[PlyCount "123"]
[TimeControl "60"]

1. Nf3 d5 2. d4 Nf6 3. c4 c6 4. Qc2 dxc4 5. Qxc4 Bf5 6. g3 e6 7. Bg2 Be7 8. O-O O-O 9. a4 a5 10. Nc3 Nbd7 11. Nh4 Bc2 12. Nd1 Be4 13. Bxe4 Nxe4 14. Nf3 Nef6 15. Nc3 Nd5 16. e4 Nb4 17. Bf4 Qb6 18. Rad1 Rac8 19. Qe2 Qa6 20. Qxa6 Nxa6 21. Nd2 Nb6 22. b3 Rfd8 23. Nc4 Nxc4 24. bxc4 Rd7 25. Be3 Rcd8 26. Rb1 Nb4 27. Rfc1 Bf6 28. Ne2 Kf8 29. Kf1 Ke8 30. e5 Be7 31. c5 Nd5 32. Nc3 Nb4 33. Ne4 Rd5 34. Rc4 f5 35. Nd6+ Bxd6 36. exd6 Rb8 37. Bf4 Kd7 38. Be5 g6 39. Ke2 b6 40. f4 Rb7 41. Rb3 Kc8 42. h3 Kb8 43. g4 Ka7 44. gxf5 exf5 45. h4 Na6 46. Rd3 Ka8 47. cxb6 Rxb6 48. h5 Rb2+ 49. Kd1 c5 50. hxg6 hxg6 51. Rh3 Rb6 52. Rh8+ Rb8 53. Rh7 Rb7 54. Rh6 Rb1+ 55. Kd2 Rg1 56. Rh7 Rb1 57. d7 Nb8 58. Kc2 Rb7 59. Rxc5 Rxc5+ 60. dxc5 Rxd7 61. Rh8 Rb7 62. c6 1-0

[Event "56th Biel Festival MTO 2023"]
[White "Meshkovs,Nikita"]
[Black "Pham,Le Thao Nguyen"]
[Site "Biel"]
[Round "6.12"]
[Annotator "ChessBase"]
[Result "1-0"]
[Date "2023.07.24"]
[WhiteElo "2565"]
[BlackElo "2369"]
[PlyCount "125"]
[TimeControl "60"]

1. c4 Nf6 2. Nc3 e6 3. Nf3 Bb4 4. Qc2 c5 5. a3 Ba5 6. Na4 d6 7. g3 Nc6 8. Bg2 e5 9. e3 h6 10. O-O O-O 11. d3 Qe7 12. Nd2 Bd7 13. Nc3 Bxc3 14. Qxc3 a5 15. b3 Rfb8 16. a4 Bf5 17. Bb2 Qd7 18. f4 Re8 19. Rae1 Nb4 20. e4 Bh3 21. Nf3 Bxg2 22. Kxg2 Nc6 23. Qd2 Ra6 24. Bc3 Nd4 25. Rb1 Qc7 26. Nh4 Nh7 27. Kg1 b6 28. Ng2 Ra7 29. Ne3 Qd8 30. Nd5 Rb7 31. Qg2 Qc8 32. h4 Qg4 33. Bxd4 exd4 34. f5 Re5 35. Rf4 Qh5 36. f6 g5 37. g4 Qxh4 38. Rf3 h5 39. Rh3 Qxg4 40. Qxg4 hxg4 41. Rh6 Nf8 42. Kg2 Ng6 43. Rbh1 Rxd5 44. cxd5 b5 45. Kg3 bxa4 46. bxa4 Rb3 47. Kxg4 Rb2 48. e5 Nxe5+ 49. Kxg5 Rg2+ 50. Kf4 Ng6+ 51. Kf3 Rb2 52. Rh7 Rd2 53. Rg7+ Kf8 54. Rb1 Rxd3+ 55. Kf2 Re3 56. Rb7 Nf4 57. Rgxf7+ Ke8 58. Rh7 Nd3+ 59. Kg1 Re1+ 60. Kh2 Re2+ 61. Kg3 Re3+ 62. Kh4 Re4+ 63. Kg5 1-0

[Event "56th Biel Festival MTO 2023"]
[White "Jain Kashish Manoj"]
[Black "Peng,Xiongjian"]
[Site "Biel"]
[Round "6.13"]
[Annotator "ChessBase"]
[Result "0-1"]
[Date "2023.07.24"]
[WhiteElo "2375"]
[BlackElo "2489"]
[PlyCount "66"]
[TimeControl "60"]

1. e4 c5 2. Nf3 d6 3. d4 cxd4 4. Qxd4 Nc6 5. Bb5 e5 6. Qd3 Be7 7. O-O Nf6 8. Bg5 O-O 9. Nc3 Bg4 10. Bxf6 Bxf6 11. Nd5 Kh8 12. c3 Ne7 13. Nxf6 gxf6 14. Nh4 d5 15. h3 Bh5 16. exd5 Nxd5 17. g3 a6 18. Ba4 Nb6 19. Qf5 Bg6 20. Nxg6+ hxg6 21. Qe4 Qc8 22. Bb3 Qxh3 23. Qxb7 Kg7 24. Rfd1 Rab8 25. Qg2 Qg4 26. Re1 a5 27. Re4 Qg5 28. Qf3 Rh8 29. Rd1 Rh5 30. Rg4 Qh6 31. Rd6 f5 32. Bxf7 Qc1+ 33. Rd1 fxg4 0-1

[Event "56th Biel Festival MTO 2023"]
[White "Bharath Subramaniyam H"]
[Black "Dotzer,Lukas"]
[Site "Biel"]
[Round "6.14"]
[Annotator "ChessBase"]
[Result "0-1"]
[Date "2023.07.24"]
[WhiteElo "2488"]
[BlackElo "2369"]
[PlyCount "84"]
[TimeControl "60"]

1. e4 c5 2. Nf3 e6 3. d4 cxd4 4. Nxd4 Nc6 5. Bf4 d6 6. Nxc6 bxc6 7. c4 Rb8 8. Qc2 c5 9. Nc3 Ne7 10. O-O-O Nc6 11. e5 g5 12. Be3 Nd4 13. Rxd4 cxd4 14. Bxd4 Bg7 15. Bxa7 Rb7 16. Bd4 dxe5 17. Bc5 Qa5 18. Qa4+ Qxa4 19. Nxa4 Bd7 20. Nb6 Bf8 21. Be3 Bc6 22. c5 f5 23. b4 Rxb6 24. cxb6 Bxb4 25. f3 f4 26. Bf2 Ke7 27. Ba6 e4 28. fxe4 Bxe4 29. Kb2 Rb8 30. Rc1 Bxg2 31. b7 Bd6 32. Rc8 Rxb7+ 33. Bxb7 Bxb7 34. Rg8 Be5+ 35. Kc2 Kf6 36. a4 Bc7 37. Rf8+ Kg7 38. Bc5 Bb6 39. Bd6 f3 40. Kd1 f2 41. a5 Ba7 42. Be7 Ba6 0-1

[Event "56th Biel Festival MTO 2023"]
[White "Besou,Hussain"]
[Black "Sanchez Alvarez,Roberto Carlos"]
[Site "Biel"]
[Round "6.15"]
[Annotator "ChessBase"]
[Result "0-1"]
[Date "2023.07.24"]
[WhiteElo "2348"]
[BlackElo "2444"]
[PlyCount "66"]
[TimeControl "60"]

1. d4 Nf6 2. c4 e6 3. Nc3 d5 4. Nf3 Bb4 5. Qa4+ Nc6 6. e3 O-O 7. Bd2 Re8 8. Qc2 Bf8 9. Be2 a6 10. O-O dxc4 11. Bxc4 b5 12. Be2 Bb7 13. Rad1 e5 14. dxe5 Nxe5 15. e4 Ng6 16. Bg5 Bd6 17. Nd5 Bxd5 18. Rxd5 h6 19. Bxf6 Qxf6 20. g3 Qe6 21. Nd2 Bf4 22. Nb3 Rad8 23. Nc5 Qc6 24. Rxd8 Rxd8 25. gxf4 Nxf4 26. Bf3 Rd3 27. Bg4 h5 28. Bf5 g6 29. Rc1 Rd4 30. Bd7 Qf6 31. Kh1 Rc4 32. Qd2 Ne2 33. Kg2 Rxc1 0-1

[Event "56th Biel Festival MTO 2023"]
[White "Weishaeutel,Moritz"]
[Black "Aarav Dengla"]
[Site "Biel"]
[Round "6.16"]
[Annotator "ChessBase"]
[Result "1-0"]
[Date "2023.07.24"]
[WhiteElo "2442"]
[BlackElo "2343"]
[PlyCount "57"]
[TimeControl "60"]

1. e4 c5 2. Nf3 d6 3. d4 cxd4 4. Nxd4 Nf6 5. Nc3 a6 6. f3 e5 7. Nb3 Be6 8. Be3 Be7 9. Qd2 h5 10. Be2 O-O 11. Nd5 Nxd5 12. exd5 Bf5 13. O-O a5 14. f4 exf4 15. Bxf4 Bg6 16. Bd3 Bxd3 17. Qxd3 Nd7 18. Nd4 Bf6 19. Kh1 Qb6 20. Nf5 Ne5 21. Bxe5 Bxe5 22. Ne7+ Kh8 23. Rf5 g6 24. Raf1 gxf5 25. Qxf5 Qxb2 26. Qxh5+ Kg7 27. Nf5+ Kg8 28. Qg5+ Bg7 29. Ne7+ 1-0

[Event "56th Biel Festival MTO 2023"]
[White "Licznerski,Lukasz"]
[Black "Frey,Fabian"]
[Site "Biel"]
[Round "6.17"]
[Annotator "ChessBase"]
[Result "1-0"]
[Date "2023.07.24"]
[WhiteElo "2430"]
[BlackElo "2230"]
[PlyCount "143"]
[TimeControl "60"]

1. e4 c5 2. Nf3 d6 3. d4 cxd4 4. Qxd4 Nc6 5. Bb5 Bd7 6. Bxc6 Bxc6 7. Nc3 Nf6 8. Bg5 e6 9. O-O-O Be7 10. Qd3 Qa5 11. h4 h6 12. Bd2 Qa6 13. Qxa6 bxa6 14. Rde1 Rc8 15. Nd4 Bb7 16. f3 Nd7 17. Nb3 Nb6 18. Be3 O-O 19. Rd1 Ba8 20. Rd3 Rc7 21. Bf4 Nc4 22. Nd2 Ne5 23. Bxe5 dxe5 24. b3 Rfc8 25. Nc4 Bc6 26. a4 Be8 27. Kb2 Bb4 28. Rhd1 Kf8 29. Rd8 h5 30. R1d3 Be7 31. Rxc8 Rxc8 32. g3 f6 33. Rd1 Bb4 34. Na2 Bc5 35. Rd2 Rb8 36. Kc1 Ke7 37. Kd1 g5 38. hxg5 fxg5 39. Nxe5 Bd6 40. f4 Bxe5 41. fxe5 Bc6 42. Nc3 a5 43. Rh2 Rh8 44. Ke2 Kd7 45. Ke3 Kc7 46. Ne2 Kb6 47. Nd4 Bd7 48. Nf3 g4 49. Ne1 Be8 50. Nd3 Kc7 51. Nf4 Bf7 52. Rf2 Rh7 53. Ng2 Kd7 54. Rd2+ Ke7 55. Rd6 Rh8 56. Ra6 Rc8 57. Rxa7+ Ke8 58. Ne1 Rc3+ 59. Kf4 h4 60. gxh4 g3 61. Ra6 Ke7 62. Rd6 Bh5 63. Rd2 Rc8 64. Kxg3 Rg8+ 65. Kf2 Rg4 66. Ke3 Bg6 67. Rd4 Rxh4 68. Rc4 Kd7 69. Nd3 Ke7 70. Nf4 Be8 71. Rc7+ Kd8 72. Nxe6# 1-0

[Event "56th Biel Festival MTO 2023"]
[White "Wessman,Richard"]
[Black "Eidelman,Gabriel"]
[Site "Biel"]
[Round "6.18"]
[Annotator "ChessBase"]
[Result "1/2-1/2"]
[Date "2023.07.24"]
[WhiteElo "2410"]
[BlackElo "2204"]
[PlyCount "100"]
[TimeControl "60"]

1. d4 Nf6 2. c4 e6 3. g3 d5 4. Bg2 dxc4 5. Nf3 a6 6. O-O Nc6 7. Bg5 Be7 8. e3 Bd7 9. Nbd2 b5 10. Rc1 Nb4 11. Ne5 Rb8 12. b3 Nxa2 13. Bc6 Nb4 14. Qf3 Nxc6 15. Nxc6 Bxc6 16. Qxc6+ Qd7 17. Qxa6 c3 18. Qa7 Qc8 19. Rxc3 Nd5 20. Bxe7 Nxc3 21. Bb4 Nd5 22. Rc1 Qb7 23. Qxb7 Rxb7 24. Ba5 b4 25. Kg2 Kd7 26. Rc5 Rhb8 27. e4 Ne7 28. Nc4 f6 29. f4 Nc6 30. d5 Nxa5 31. Rxa5 Rb5 32. dxe6+ Kxe6 33. Ra6+ Ke7 34. Kf3 Rd8 35. Ke3 Rd1 36. Ra7 Kd7 37. Ra8 Ke7 38. Rg8 Kf7 39. Rc8 Rc5 40. Rb8 Rh1 41. h4 Rg1 42. Kf3 Rd1 43. Rxb4 Rd3+ 44. Kg4 h5+ 45. Kh3 c6 46. Rb6 Kg6 47. Kh2 Rd4 48. e5 Kf5 49. Rb7 fxe5 50. Rxg7 Rd3 1/2-1/2

[Event "56th Biel Festival MTO 2023"]
[White "Huston,Gus"]
[Black "Shlyakhtenko,Robert"]
[Site "Biel"]
[Round "6.19"]
[Annotator "ChessBase"]
[Result "1/2-1/2"]
[Date "2023.07.24"]
[WhiteElo "2341"]
[BlackElo "2401"]
[PlyCount "94"]
[TimeControl "60"]

1. e4 c5 2. Nf3 e6 3. c3 Nf6 4. e5 Nd5 5. d4 cxd4 6. cxd4 d6 7. Bc4 Nb6 8. Bg5 Be7 9. Bxe7 Qxe7 10. Bb3 Bd7 11. Nc3 dxe5 12. dxe5 Bc6 13. O-O N8d7 14. Nd4 Nxe5 15. f4 Ned7 16. f5 O-O-O 17. Nxc6 bxc6 18. fxe6 fxe6 19. Qf3 Kb7 20. Rfe1 Nc5 21. Ne4 Rhf8 22. Nxc5+ Qxc5+ 23. Qe3 Qxe3+ 24. Rxe3 Nd5 25. Rxe6 Nf4 26. Re7+ Kb6 27. Rd1 Rde8 28. Rde1 Rd8 29. g3 Nd3 30. R1e2 g5 31. Bc4 g4 32. Rxh7 Nc5 33. Rg7 Rd4 34. b3 a5 35. Rf7 Rfd8 36. Rf4 Rxf4 37. gxf4 Rf8 38. Rg2 Rxf4 39. Be2 Re4 40. Kf2 a4 41. Rxg4 axb3 42. axb3 Rxg4 43. Bxg4 Kc7 44. Bd1 Kd6 45. h4 Ke5 46. h5 Kf6 47. Ke3 Kg5 1/2-1/2

[Event "56th Biel Festival MTO 2023"]
[White "Nie,Xinyang"]
[Black "Ajay Krishna,S."]
[Site "Biel"]
[Round "6.20"]
[Annotator "ChessBase"]
[Result "0-1"]
[Date "2023.07.24"]
[WhiteElo "2288"]
[BlackElo "2390"]
[PlyCount "112"]
[TimeControl "60"]

1. d4 d5 2. c4 e6 3. Nf3 c6 4. e3 f5 5. Be2 Nf6 6. O-O Bd6 7. b3 Qe7 8. a4 a5 9. Ba3 b6 10. Bxd6 Qxd6 11. Ne5 O-O 12. Nd2 Na6 13. Qc1 Bb7 14. Qb2 Nb4 15. Rac1 c5 16. cxd5 exd5 17. Ndf3 Ne4 18. Nd2 cxd4 19. exd4 f4 20. f3 Ng5 21. Bb5 Rad8 22. Rfe1 Ne6 23. Nb1 Rf6 24. Qf2 Nf8 25. Nc3 Rc8 26. Qd2 Ng6 27. Bd7 Rd8 28. Nb5 Qb8 29. Bh3 Nf8 30. Rc7 Na6 31. Re7 Bc8 32. Bxc8 Rxc8 33. Ng4 Rg6 34. Qd3 h5 35. Ne5 Rf6 36. Qe2 Nb4 37. Qf2 Nc2 38. Re2 Nb4 39. h3 Rc1+ 40. Kh2 Qd8 41. Ra7 Re6 42. Re1 Rc2 43. Qf1 Qh4 44. Re2 Rxe2 45. Qxe2 Nc6 46. Ra8 Nxe5 47. dxe5 Qg5 48. h4 Qxh4+ 49. Kg1 Qe7 50. Qd2 Rxe5 51. Qxf4 Re6 52. Qf5 Qc5+ 53. Kh2 Rf6 54. Qe5 Kh7 55. Rd8 Qf2 56. Rxd5 Rg6 0-1

[Event "56th Biel Festival MTO 2023"]
[White "Toktomushev,Teimur"]
[Black "Rohith Krishna S"]
[Site "Biel"]
[Round "6.21"]
[Annotator "ChessBase"]
[Result "0-1"]
[Date "2023.07.24"]
[WhiteElo "2206"]
[BlackElo "2429"]
[PlyCount "136"]
[TimeControl "60"]

1. d4 Nf6 2. c4 e6 3. Nf3 d5 4. Nc3 Be7 5. Bf4 O-O 6. e3 Nbd7 7. c5 Nh5 8. Bd3 c6 9. O-O f5 10. b4 h6 11. b5 g5 12. bxc6 bxc6 13. Ne5 Nxe5 14. Bxe5 Nf6 15. Qa4 Ng4 16. Qxc6 Nxe5 17. dxe5 Bd7 18. Qa6 Bxc5 19. Bb5 Rb8 20. Bxd7 Qxd7 21. Na4 Be7 22. Rfc1 Rfc8 23. g3 Kf7 24. Rxc8 Rxc8 25. Nb2 Rc2 26. Nd3 d4 27. exd4 Qxd4 28. Rf1 h5 29. Ne1 Rc3 30. Qe2 Kg6 31. Nc2 Qc5 32. Na1 Qc4 33. Qxc4 Rxc4 34. Nb3 Bd8 35. a4 Bc7 36. Rd1 Bxe5 37. Kg2 f4 38. gxf4 gxf4 39. Rd7 Kf6 40. Nd2 Rxa4 41. f3 Bd4 42. Ne4+ Ke5 43. Rg7 Ra2+ 44. Kh3 Kd5 45. Rg5+ Kc4 46. Rxh5 Bg1 47. Re5 Rxh2+ 48. Kg4 Rg2+ 49. Kh5 Rg7 50. Rxe6 a5 51. Nd6+ Kb3 52. Re4 Rc7 53. Rxf4 a4 54. Rg4 Bb6 55. Ne4 Rc2 56. Rg5 Kb4 57. Rg4 Rc4 58. Rg6 Be3 59. Ra6 a3 60. Ra8 Kb3 61. Nd6 Rc5+ 62. Kg4 a2 63. Rb8+ Ka4 64. Ne4 Rc1 65. Ra8+ Kb3 66. Rb8+ Kc2 67. Rc8+ Kd3 68. Rd8+ Ke2 0-1

[Event "56th Biel Festival MTO 2023"]
[White "Kamber,Bruno"]
[Black "Huang,Qian"]
[Site "Biel"]
[Round "6.22"]
[Annotator "ChessBase"]
[Result "0-1"]
[Date "2023.07.24"]
[WhiteElo "2214"]
[BlackElo "2422"]
[PlyCount "116"]
[TimeControl "60"]

1. e4 c5 2. Nf3 Nc6 3. Bb5 e6 4. Bxc6 bxc6 5. d3 Qc7 6. Qe2 Ne7 7. h4 e5 8. h5 d6 9. Nbd2 h6 10. Nc4 Be6 11. Bd2 Nc8 12. Nh4 Nb6 13. f4 Nxc4 14. dxc4 exf4 15. Bxf4 Be7 16. Nf5 Bxf5 17. exf5 O-O-O 18. O-O-O Bf6 19. Rh3 Rhe8 20. Qf3 Kb7 21. Qa3 Re4 22. Rb3+ Ka8 23. g3 Rxc4 24. Qa6 Rd4 25. Rxd4 Bxd4 26. a4 f6 27. a5 Be5 28. Bd2 Qc8 29. Qf1 d5 30. c4 Qa6 31. Rf3 Qxc4+ 32. Qxc4 dxc4 33. Bf4 Bxf4+ 34. Rxf4 Rd4 35. Rf3 Kb7 36. Kc2 Ka6 37. Re3 Rd3 38. Re6 Rxg3 39. Rxc6+ Kb5 40. Rc7 a6 41. Rb7+ Kxa5 42. Rb8 Rh3 43. Rb7 Rxh5 44. Rxg7 Rxf5 45. Kc3 Kb6 46. Kxc4 Kc6 47. Ra7 Rf4+ 48. Kc3 h5 49. Rxa6+ Kd5 50. Ra8 Rf3+ 51. Kc2 h4 52. Rh8 h3 53. b3 f5 54. Rh4 f4 55. Kd2 Ke4 56. Rh5 Rxb3 57. Rxc5 Kf3 58. Rh5 Kg2 0-1

[Event "56th Biel Festival MTO 2023"]
[White "Seul,Georg"]
[Black "Zhang,Lanlin"]
[Site "Biel"]
[Round "6.23"]
[Annotator "ChessBase"]
[Result "1-0"]
[Date "2023.07.24"]
[WhiteElo "2376"]
[BlackElo "2194"]
[PlyCount "131"]
[TimeControl "60"]

1. e4 c5 2. Nf3 d6 3. Bb5+ Nd7 4. O-O Ngf6 5. Re1 a6 6. Bf1 b5 7. a4 bxa4 8. d4 cxd4 9. Nxd4 e5 10. Nf5 Nc5 11. Nc3 h6 12. Ne3 Be6 13. Ned5 Be7 14. Nxf6+ Bxf6 15. Nxa4 Nxa4 16. Rxa4 Qb6 17. Qd3 a5 18. Be3 Qb8 19. Rea1 Bd8 20. b4 Bd7 21. R4a3 f5 22. exf5 O-O 23. bxa5 Bxf5 24. Qd5+ Kh8 25. Bd3 Bxd3 26. Qxd3 Bf6 27. Qd5 Rc8 28. Rb3 Qc7 29. Ra2 Ra6 30. Bb6 Qd7 31. g3 Bd8 32. Bxd8 Qxd8 33. Rb7 Rca8 34. Rb5 Qc7 35. h4 Qc3 36. Kg2 Rf8 37. Rb3 Qe1 38. c4 Rxa5 39. Qxd6 Qe4+ 40. Kh2 Qa8 41. Rb8 Qxb8 42. Qxb8 Rxb8 43. Rxa5 Rb2 44. Kg2 Rc2 45. Rc5 e4 46. Kf1 Kg8 47. Rc7 h5 48. Ke1 Kh7 49. Rc6 Kg8 50. Rc5 g6 51. Rc7 Kh8 52. Kf1 Kg8 53. Ke1 Kh8 54. c5 Kg8 55. Kf1 Kh8 56. Ke1 Kg8 57. c6 Kh8 58. Kd1 Rc4 59. Kd2 Kg8 60. Ke3 Kf8 61. Kf4 Rc2 62. Kxe4 Rxf2 63. Rh7 Rc2 64. c7 Ke8 65. Ke5 Rc6 66. c8=Q+ 1-0

[Event "56th Biel Festival MTO 2023"]
[White "Sukandar,Irine Kharisma"]
[Black "Costello,Alexander"]
[Site "Biel"]
[Round "6.24"]
[Annotator "ChessBase"]
[Result "1-0"]
[Date "2023.07.25"]
[WhiteElo "2358"]
[BlackElo "2224"]
[PlyCount "133"]
[TimeControl "60"]

1. e4 c5 2. Nf3 Nc6 3. Bb5 e6 4. Bxc6 bxc6 5. d3 Ne7 6. O-O Ng6 7. e5 Be7 8. Nc3 f6 9. exf6 gxf6 10. Bh6 e5 11. Nd2 Qb6 12. Qh5 Rg8 13. Be3 d6 14. f4 Kd8 15. Qxh7 Be6 16. f5 Nf8 17. Qh5 Bd7 18. Nce4 Be8 19. Qh6 Nd7 20. Qh7 Rf8 21. Rab1 Rf7 22. Qh8 d5 23. Ng3 a5 24. a3 Qc7 25. Nh5 Bf8 26. Bh6 Qd6 27. Rbe1 Rb8 28. b3 Qe7 29. Nf4 Rh7 30. Ne6+ Kc8 31. Bxf8 Qf7 32. Qxh7 Qxh7 33. Bd6 Rb7 34. Rf2 Bf7 35. Re3 Qg8 36. Nxc5 Nxc5 37. Bxc5 Bh5 38. b4 a4 39. Nf1 Rg7 40. Ng3 Be8 41. Re1 Rg5 42. Rc1 Bf7 43. Rb1 Rg4 44. Ne2 d4 45. h3 Rh4 46. Kh2 Bd5 47. c4 dxc3 48. Nxc3 Rf4 49. Rbf1 Kb7 50. g4 Rxf2+ 51. Rxf2 Qg5 52. Nxa4 Qc1 53. Nb6 Qd1 54. Nxd5 cxd5 55. g5 Qh5 56. gxf6 d4 57. f7 Qxf7 58. f6 Kc6 59. a4 Kd5 60. a5 e4 61. dxe4+ Kxe4 62. a6 Ke3 63. a7 Qc7+ 64. Kg2 Qc6+ 65. Kg1 Qd5 66. f7 Qg5+ 67. Rg2 1-0

[Event "56th Biel Festival MTO 2023"]
[White "Rosen,Eric"]
[Black "Monteverde,Jonathan"]
[Site "Biel"]
[Round "6.25"]
[Annotator "ChessBase"]
[Result "1-0"]
[Date "2023.07.24"]
[WhiteElo "2344"]
[BlackElo "2074"]
[PlyCount "119"]
[TimeControl "60"]

1. Nf3 d5 2. e3 Nf6 3. c4 e6 4. Nc3 Be7 5. b3 O-O 6. Bb2 b6 7. cxd5 exd5 8. d4 c6 9. Bd3 Ba6 10. Ne5 Bxd3 11. Qxd3 Nfd7 12. O-O Nxe5 13. dxe5 Nd7 14. Ne2 f6 15. Nf4 fxe5 16. Ne6 Nc5 17. Nxc5 Bxc5 18. Bxe5 Be7 19. Rac1 Bf6 20. Bg3 Rc8 21. Rfd1 Bh4 22. Rc2 Bxg3 23. hxg3 Qf6 24. Qa6 Qf7 25. Qd3 Rcd8 26. e4 Qf6 27. Rcd2 h6 28. Qd4 Qg5 29. exd5 cxd5 30. Qa4 Rf7 31. Qc6 Rfd7 32. Rd4 Rd6 33. Qb5 Kh8 34. Qd3 R6d7 35. Re1 Rc8 36. f4 Qh5 37. Re5 Qf7 38. Rexd5 Rxd5 39. Rxd5 Re8 40. Kh2 Re1 41. Qd2 Re7 42. b4 Re8 43. a4 Re2 44. Qd4 Qg6 45. Rd8+ Kh7 46. Qd5 Re6 47. Rf8 Qg4 48. Qd3+ Rg6 49. f5 Rf6 50. Rxf6 gxf6 51. Qd7+ Kg8 52. Qd5+ Kg7 53. Qb7+ Kg8 54. Qa8+ Kg7 55. Qxa7+ Kg8 56. Qb8+ Kg7 57. Qc7+ Kg8 58. Qd8+ Kg7 59. Qe7+ Kg8 60. Qe8+ 1-0

[Event "56th Biel Festival MTO 2023"]
[White "Ouellet,Maili-Jade"]
[Black "Sutter,Oliver"]
[Site "Biel"]
[Round "6.26"]
[Annotator "ChessBase"]
[Result "1/2-1/2"]
[Date "2023.07.24"]
[WhiteElo "2201"]
[BlackElo "2313"]
[PlyCount "73"]
[TimeControl "60"]

1. e4 c5 2. Nf3 Nc6 3. c3 Nf6 4. e5 Nd5 5. d4 cxd4 6. Bc4 Nb6 7. Bb3 d5 8. exd6 Qxd6 9. Na3 Be6 10. Nb5 Qd7 11. Bf4 Rc8 12. O-O Bxb3 13. axb3 a6 14. Nbxd4 Nxd4 15. Nxd4 Nd5 16. Be5 f6 17. Bg3 e5 18. Re1 Kf7 19. Nf3 Nb6 20. Qc2 Bd6 21. Rad1 Qe7 22. Nh4 g6 23. f4 Nd7 24. Nf3 Rhe8 25. Qd2 Rc6 26. fxe5 Nxe5 27. Nxe5+ Bxe5 28. Bxe5 fxe5 29. Re4 Kg7 30. b4 Rf6 31. h3 Qc7 32. Qd7+ Qxd7 33. Rxd7+ Rf7 34. Rxf7+ Kxf7 35. Kf2 Ke6 36. Rc4 Kd6 37. Ke2 1/2-1/2

[Event "56th Biel Festival MTO 2023"]
[White "Coles,Ruben"]
[Black "Schnepp,Gunnar"]
[Site "Biel"]
[Round "6.27"]
[Annotator "ChessBase"]
[Result "1-0"]
[Date "2023.07.24"]
[WhiteElo "2167"]
[BlackElo "2278"]
[PlyCount "75"]
[TimeControl "60"]

1. e4 c5 2. Nf3 Nc6 3. Bb5 g6 4. O-O Bg7 5. c3 Nf6 6. Re1 O-O 7. d4 d5 8. e5 Ne4 9. Bxc6 bxc6 10. Be3 Rb8 11. Qc1 c4 12. Nbd2 Nxd2 13. Nxd2 Bf5 14. b3 Bd3 15. Qa3 Rb5 16. Qxa7 Ra5 17. Qb7 Qa8 18. Qxe7 Re8 19. Qg5 Rxa2 20. Rxa2 Qxa2 21. bxc4 dxc4 22. Qg4 Qa5 23. Ne4 f5 24. exf6 Rxe4 25. Qc8+ Bf8 26. f3 Qxc3 27. Rc1 Bc2 28. Bh6 Re1+ 29. Kf2 Qxd4+ 30. Kxe1 Qg1+ 31. Kd2 Qd4+ 32. Ke1 Qg1+ 33. Ke2 Bd3+ 34. Kd2 Qf2+ 35. Kc3 Qc5 36. Qe6+ Kh8 37. Bxf8 Qxf8 38. Qe7 1-0

[Event "56th Biel Festival MTO 2023"]
[White "Vincenti,Leonardo"]
[Black "Vasquez Toledo,Cristian"]
[Site "Biel"]
[Round "6.28"]
[Annotator "ChessBase"]
[Result "0-1"]
[Date "2023.07.24"]
[WhiteElo "2117"]
[BlackElo "2233"]
[PlyCount "77"]
[TimeControl "60"]

1. e4 c5 2. Nf3 Nc6 3. Bb5 e6 4. O-O Nge7 5. Re1 a6 6. Bxc6 Nxc6 7. d4 cxd4 8. Nxd4 d6 9. c4 Be7 10. Nc3 O-O 11. Be3 Bd7 12. Qe2 Rc8 13. Rac1 Qc7 14. b3 Bf6 15. Red1 Rfd8 16. f3 Nxd4 17. Bxd4 Bxd4+ 18. Rxd4 b5 19. Rcd1 Bc6 20. Qd2 bxc4 21. bxc4 Be8 22. e5 Qc5 23. Ne4 Qxe5 24. Rxd6 Rxd6 25. Qxd6 Qa5 26. c5 Bc6 27. Qd2 Qxd2 28. Rxd2 Bxe4 29. fxe4 Kf8 30. Rc2 Ke7 31. Kf2 Kd7 32. Rd2+ Kc6 33. Rd6+ Kxc5 34. Rxa6 Kd4 35. Ra7 f6 36. Rxg7 Kxe4 37. Rxh7 Rc2+ 38. Kg3 Rxa2 39. h3 0-1

[Event "56th Biel Festival MTO 2023"]
[White "Morawietz,Dieter"]
[Black "Malli,Suvirr"]
[Site "Biel"]
[Round "6.29"]
[Annotator "ChessBase"]
[Result "1-0"]
[Date "2023.07.24"]
[WhiteElo "2396"]
[BlackElo "2094"]
[PlyCount "99"]
[TimeControl "60"]

1. d4 d5 2. Nf3 Nf6 3. Bf4 c5 4. e3 Nc6 5. Nbd2 cxd4 6. exd4 Bf5 7. c3 e6 8. Qb3 Bd6 9. Qxb7 Bxf4 10. Qxc6+ Kf8 11. Qa6 h5 12. g3 Bd6 13. Bg2 Kg8 14. O-O Ne4 15. Qe2 Rb8 16. Nxe4 Bxe4 17. Ne5 Bxe5 18. dxe5 Bf5 19. h3 a5 20. Rfd1 Qb6 21. Rd2 a4 22. Rad1 Qc5 23. a3 Qb5 24. Bf1 Qxe2 25. Rxe2 Kh7 26. Rd4 Ra8 27. Red2 Rhb8 28. Be2 Rb7 29. Bxh5 Rab8 30. Rb4 Rxb4 31. cxb4 Bxh3 32. Bd1 Ra8 33. g4 Kg6 34. f4 Rc8 35. Kf2 f5 36. g5 Ra8 37. b5 Ra5 38. Be2 Bg4 39. Bf1 Ra8 40. Ke3 Rc8 41. Kd4 Kf7 42. Bd3 Ke7 43. Rc2 Rh8 44. Rc7+ Kd8 45. b6 Rh2 46. Rc2 Rxc2 47. Bxc2 Kc8 48. Bxa4 Bh5 49. Bc6 Kb8 50. a4 1-0

[Event "56th Biel Festival MTO 2023"]
[White "Haimovich,Tal"]
[Black "Foerster-Yialamas,Lucas"]
[Site "Biel"]
[Round "6.30"]
[Annotator "ChessBase"]
[Result "1-0"]
[Date "2023.07.24"]
[WhiteElo "2374"]
[BlackElo "2157"]
[PlyCount "139"]
[TimeControl "60"]

1. Nf3 Nf6 2. d4 d5 3. c4 c6 4. Qc2 dxc4 5. Qxc4 Bf5 6. g3 e6 7. Bg2 Nbd7 8. O-O Bd6 9. Nc3 e5 10. Bg5 h6 11. dxe5 Nxe5 12. Nxe5 Bxe5 13. Rfd1 Qc8 14. Bf4 Bxf4 15. Qxf4 O-O 16. Rd6 Re8 17. Rad1 Bc2 18. R1d2 Qf5 19. Rxf6 gxf6 20. e4 Bxe4 21. Nxe4 Qxf4 22. gxf4 Kg7 23. Kf1 Rad8 24. Nd6 Kf8 25. Bh3 a5 26. Bf5 Ke7 27. Nc4 Rxd2 28. Nxd2 Kd6 29. Ne4+ Ke7 30. Ke2 Rd8 31. Ng3 Rd4 32. Ke3 Rb4 33. b3 a4 34. Bc2 axb3 35. axb3 Rb5 36. Nf5+ Kf8 37. h4 Rc5 38. Kd2 h5 39. Ng3 Kg7 40. Bd3 Rd5 41. Kc3 b6 42. Be4 Rc5+ 43. Kb2 b5 44. Nf5+ Kf8 45. Nd6 b4 46. Nc4 Ke7 47. Kc2 Rb5 48. Kd3 c5 49. Ne3 Ra5 50. Bd5 Ra2 51. Nf5+ Kf8 52. f3 Ra1 53. Ke3 Rc1 54. Bc4 Rc3+ 55. Ke4 Kg8 56. Ng3 Kf8 57. Nxh5 f5+ 58. Kd5 Rxf3 59. Ke5 Rh3 60. Kxf5 Rxh4 61. Nf6 Rh6 62. Ke5 Rg6 63. Nd7+ Ke7 64. Nxc5 Rb6 65. Nd3 Rb8 66. Kd5 Kf6 67. Kc5 Kf5 68. Bxf7 Ke4 69. Bc4 Rb7 70. Bd5+ 1-0

[Event "56th Biel Festival MTO 2023"]
[White "Karthik Rajaa"]
[Black "Ammar,Sedrani"]
[Site "Biel"]
[Round "6.31"]
[Annotator "ChessBase"]
[Result "1-0"]
[Date "2023.07.24"]
[WhiteElo "2276"]
[BlackElo "2154"]
[PlyCount "89"]
[TimeControl "60"]

1. d4 d5 2. c4 e6 3. Nc3 Nf6 4. Bg5 Be7 5. e3 O-O 6. Nf3 h6 7. Bh4 Ne4 8. Bxe7 Qxe7 9. cxd5 Nxc3 10. bxc3 exd5 11. Qb3 c6 12. Bd3 Nd7 13. O-O Nf6 14. a4 Be6 15. Rfb1 b6 16. Qa3 Rfe8 17. Qxe7 Rxe7 18. Ne5 Rc7 19. f3 Rd8 20. Kf2 Ne8 21. g4 Nd6 22. h4 g6 23. Be2 Kg7 24. Nd3 Re8 25. Nf4 f6 26. Bd3 Bf7 27. Re1 g5 28. Ne2 Rce7 29. hxg5 hxg5 30. Ng3 Bg6 31. Bf5 Bxf5 32. Nxf5+ Nxf5 33. gxf5 Rh8 34. Rh1 Ree8 35. Rxh8 Rxh8 36. Kg3 Kf7 37. Re1 Rh4 38. Rc1 Ke7 39. c4 dxc4 40. Rc3 Kd6 41. Rc1 Rh8 42. e4 c5 43. Rd1 Rc8 44. Rc1 Kc6 45. f4 1-0